 Dungeon Crawl Stone Soup version 0.29-a0-559-g359e09b9d1 (webtiles) character file.

Game seed: 6587703047081496842

119 Heedrag the Covered (level 4, -5/40 HPs)
             Began as a Minotaur Fighter on June 9, 2022.
             Killed by nerve-wracking pain
             ... invoked by Grinder
              (6 damage)
             ... on level 3 of the Dungeon.
             The game lasted 00:02:34 (2507 turns).

Heedrag the Covered (Minotaur Fighter)              Turns: 2507, Time: 00:02:34

Health: -5/40      AC:  7    Str: 20    XL:     4   Next: 73%
Magic:  3/3        EV:  8    Int:  5    God:
Gold:   112        SH:  9    Dex: 12    Spells: 3/3 levels left

rFire   . . .      SeeInvis .   a - +0 war axe
rCold   . . .      Faith    .   h - +0 kite shield
rNeg    . . .      Spirit   .   b - +0 scale mail
rPois   .          Reflect  .   (helmet restricted)
rElec   .          Harm     .   (no cloak)
rCorr   .          Rampage  .   (no gloves)
Will    .....                   (no boots)
Stlth   ..........              (no amulet)
HPRegen 0.13/turn               (no ring)
MPRegen 0.08/turn               (no ring)

@: no status effects
A: horns 2, retaliatory headbutt
a: no special abilities


You were on level 3 of the Dungeon.
You visited 1 branch of the dungeon, and saw 3 of its levels.

You collected 112 gold pieces.

Inventory:

Hand Weapons
 a - a +0 war axe (weapon)
Missiles
 p - 2 poisoned darts (quivered)
Armour
 b - a +0 scale mail (worn)
 h - a +0 kite shield (worn)
   (You found it on level 1 of the Dungeon)
Wands
 k - a wand of polymorph (14)
   (You found it on level 2 of the Dungeon)
Scrolls
 f - 2 scrolls of teleportation {unknown}
 g - a scroll of magic mapping {unknown}
 i - 4 scrolls of identify {unknown}
 n - a scroll of poison {unknown}
 q - a scroll of noise {unknown}
Potions
 c - a potion of attraction {unknown}
 d - 3 potions of might
 e - a potion of haste {unknown}
 j - a potion of lignification {unknown}
 l - 2 potions of degeneration {unknown}
 m - a potion of curing {unknown}
 o - a potion of mutation {unknown}


   Skills:
 + Level 4.2 Fighting
 * Level 3.8 Axes
 + Level 0.1 Throwing
 + Level 4.3 Armour
 + Level 1.6 Dodging
 + Level 4.3 Shields
 + Level 0.3 Evocations


You had 3 spell levels left.
You didn't know any spells.
Your spell library contained the following spells:

 Spells                   Type           Power      Damage    Failure   Level
 Summon Small Mammal      Summ           0%         N/A       99%         1
 Static Discharge         Conj/Air       0%         N/A       100%        2
 Call Canine Familiar     Summ           0%         N/A       100%        3
 Conjure Flame            Conj/Fire      0%         6-21      100%        3
 Gell's Gravitas          Tloc           0%         N/A       100%        3
 Ignite Poison            Fire/Tmut/Pois 0%         N/A       100%        3
 Lesser Beckoning         Tloc           0%         N/A       100%        3
 Summon Guardian Golem    Hex/Summ       0%         N/A       100%        3
 Teleport Other           Tloc           0%         N/A       100%        3
 Dispel Undead            Necr           0%         3d6       100%        4
 Sticky Flame             Conj/Fire      0%         2d3       100%        4


Dungeon Overview and Level Annotations

Branches:
Dungeon (3/15)

Altars:
Ashenzari

Shops:
D:1 (

Annotations:
D:3 Grinder


Innate Abilities, Weirdness & Mutations

You have a pair of horns on your head.
You reflexively headbutt those who attack you in melee.


Message History

Grinder blinks!
Throw: 6 darts (poison)
Aim: a goblin, wielding a +0 club (51% to hit)
Okay, then.
You slash the goblin!
You kill the goblin!
Grinder gestures at you.
You suddenly lose the ability to move!
You can move again.
Unknown command.
Throw: 6 darts (poison)
Aim: Grinder (55% to hit)
You throw a poisoned dart.
The poisoned dart closely misses Grinder.
Grinder gestures at you. Pain shoots through your body!
You barely miss Grinder.
Grinder blinks!
Throw: 5 darts (poison)
Aim: Grinder (55% to hit)
You throw a poisoned dart. The poisoned dart hits Grinder.
Throw: 4 darts (poison)
Aim: Grinder (55% to hit)
You throw a poisoned dart.
The poisoned dart closely misses Grinder.
Grinder hits you!
* * * LOW HITPOINT WARNING * * *
You writhe in agony.
* * * LOW HITPOINT WARNING * * *
You hit Grinder. Grinder completely misses you. You furiously retaliate!
You headbutt Grinder.
Unknown command.
You completely miss Grinder. Grinder gestures at you.
You suddenly lose the ability to move!
Grinder hits you.
* * * LOW HITPOINT WARNING * * *
You writhe in agony.
* * * LOW HITPOINT WARNING * * *
You can move again.
Throw: 3 darts (poison)
Aim: Grinder (lightly wounded, 55% to hit)
You throw a poisoned dart. The poisoned dart hits Grinder.
Grinder gestures at you. Pain shoots through your body!
* * * LOW HITPOINT WARNING * * *
You block Grinder's attack.
You hit Grinder. Your headbutt misses Grinder. Grinder gestures at you.
Pain shoots through your body!
You die...

#......##......#
#.#'##.##......#
♣.♣♣.#.##......#
♣♣.♣♣...#########
♣P.♣♣......
♣...♣........
♣♣.♣♣[.......
#.##(.......
#@5.....(...
####........
..... .... ... ##


You could see Grinder.

Vanquished Creatures
  A gnoll (D:1)
  3 adders
  3 worms (D:2)
  A dart slug (D:1)
  An orc (D:3)
  7 ball pythons
  4 endoplasms
  3 giant cockroaches
  4 goblins
  4 hobgoblins
  13 jackals
  4 kobolds
  2 quokkas
  5 bats
  3 frilled lizards
  7 rats
65 creatures vanquished.

Vanquished Creatures (others)
  3 plants
3 creatures vanquished.

Grand Total: 68 creatures vanquished

Notes
Turn   | Place    | Note
-------+----------+-------------------------------------------
     0 | D:1      | Heedrag the Minotaur Fighter began the quest for the Orb.
     0 | D:1      | Reached XP level 1. HP: 19/19 MP: 0/0
   400 | D:1      | Reached XP level 2. HP: 16/27 MP: 1/1
   785 | D:1      | Reached XP level 3. HP: 33/33 MP: 2/2
   810 | D:1      | Reached skill level 1 in Dodging
   849 | D:1      | Found Fypaus's Antique Weapon Emporium.
  1480 | D:2      | Reached XP level 4. HP: 38/40 MP: 3/3
  1703 | D:2      | Found a faded altar of an unknown god.
  1978 | D:3      | Found a broken altar of Ashenzari.
  2490 | D:3      | Noticed Grinder
  2497 | D:3      | Paralysed by Grinder for 2 turns
  2504 | D:3      | Paralysed by Grinder for 2 turns
  2506 | D:3      | HP: 1/40 [Grinder/nerve-wracking pain (8)]
  2507 | D:3      | Killed from afar by Grinder

Illustrated notes

Levels and vault maps discovered:
D:1:      co_arrival_square_in_a_square_in_a_square, layout_loops_ring,
          serial_shops, nicolae_shop_window_shopping
D:2:      layout_loops_ring, dreamdust_ecumenical_altar_hidden_monk_grotto,
          kennysheep_pointless_box, st_stairs_3
D:3:      layout_basic, nicolae_ashenzari_panopticon, serial_forest,
          infiniplex_forest_straight_2, infiniplex_forest_straight_3,
          infiniplex_forest_corner_1, infiniplex_forest_straight_4,
          infiniplex_forest_pool, infiniplex_forest_clump_tiny,
          infiniplex_forest_lined_room_3, uniq_grinder

Skill      XL: |  1  2  3 |
---------------+----------+-----
Axes           | 3 |  3.8
Armour         | 4 |  4.3
Dodging        | 1 |  1.6
Shields        | 4 |  4.3
Fighting       | 4 |  4.2
Throwing       | |  0.1
Evocations     | |  0.3

Action                   |  1- 3 |  4- 6 || total
-------------------------+-------+-------++-------
Melee: War axe           |    71 |    48 ||   119
       Headbutt          |     5 |     6 ||    11
Throw: Dart              |       |     4 ||     4
Armor: Scale mail        |    27 |    18 ||    45
Dodge: Dodged            |    19 |    18 ||    37
Block: Kite shield       |    30 |    14 ||    44
       Buckler           |     2 |       ||     2

Table legend: (Time is in decaauts)
 A = Elapsed time spent in this place.
 B = Non-inter-level travel time spent in this place.
 C = Inter-level travel time spent in this place.
 D = Time resting spent in this place.
 E = Time spent auto-exploring this place.
 F = Levels seen in this place.
 G = Mean time per level.
                   A        B        C        D        E       F      G
               +--------+--------+--------+--------+--------+-----+--------+
         Total |   2565 |   2469 |     96 |      0 |   2051 |   3 |  855.0 |
       Dungeon |   2565 |   2469 |     96 |      0 |   2051 |   3 |  855.0 |
               +--------+--------+--------+--------+--------+-----+--------+

Top non-repeatable levels by time:
     D:1: 1172 daAuts
     D:2: 782 daAuts
     D:3: 609 daAuts
